 Dungeon Crawl Stone Soup version 0.27.0-1-g7a089689b8 (webtiles) character file.

Game seed: 5139800138134721818

154 mainiacjoe the Caller (level 5, -2/31 HPs)
             Began as a Merfolk Summoner on Aug 15, 2021.
             Was a Believer of Hepliaklqana.
             Killed by nerve-wracking pain
             ... invoked by an orc priest
              (6 damage)
             ... on level 4 of the Dungeon.
             The game lasted 00:17:04 (5023 turns).

mainiacjoe the Caller (Merfolk Summoner)            Turns: 5023, Time: 00:17:06

Health: -2/31      AC:  2    Str:  8    XL:     5   Next: 35%
Magic:  0/9        EV: 13    Int: 16    God:    Hepliaklqana [**....]
Gold:   110        SH:  0    Dex: 14    Spells: 4/10 levels left

rFire    . . .     SeeInvis .   a - +2 short sword (drain)
rCold    . . .     Faith    .   (no shield)
rNeg     . . .     Spirit   .   e - +0 robe
rPois    .         Reflect  .   (no helmet)
rElec    .         Harm     .   (no cloak)
rCorr    .         Rampage  .   (no gloves)
Will     .....                  (no boots)
Stlth    ++........             (no amulet)
HPRegen  0.10/turn              (no ring)
MPRegen  0.11/turn              (no ring)

@: no status effects
A: reduced essence, (nimble swimmer 2), mertail
a: Renounce Religion, Recall Ancestor, Ancestor Identity


You were on level 4 of the Dungeon.
You worshipped Hepliaklqana.
Hepliaklqana was pleased with you.
You visited 1 branch of the dungeon, and saw 4 of its levels.

You collected 110 gold pieces.

Inventory:

Hand Weapons
 a - a +2 short sword of draining (weapon)
 b - a +0 hunting sling
Missiles
 f - 53 stones (quivered)
 j - 39 arrows
 o - 4 boomerangs
 p - 8 sling bullets
Armour
 e - a +0 robe (worn)
Jewellery
 n - a ring of ice
Scrolls
 c - 6 scrolls of teleportation
 d - a scroll of fog {unknown}
 g - a scroll of noise {unknown}
 k - a scroll of identify {unknown}
 q - a scroll of magic mapping {unknown}
Potions
 h - a potion of heal wounds {unknown}
 i - a potion of experience {unknown}
 l - a potion of flight {unknown}
 m - a potion of invisibility {unknown}


   Skills:
 - Level 3.0 Dodging
 - Level 2.4 Stealth
 - Level 3.0 Spellcasting
 * Level 5.8 Summonings


You had 4 spell levels left.
You knew the following spells:

 Your Spells              Type           Power      Damage    Failure   Level
a - Summon Small Mammal   Summ           84%        N/A       1%          1
b - Call Imp              Summ           21%        N/A       2%          2
c - Call Canine Familiar  Summ           21%        N/A       5%          3

Your spell library contained the following spells:

 Spells                   Type           Power      Damage    Failure   Level
 Summon Guardian Golem    Hex/Summ       11%        N/A       17%         3
 Summon Lightning Spire   Summ/Air       11%        N/A       50%         4
 Cause Fear               Hex            1%         N/A       88%         4
 Dragon Form              Tmut           1%         N/A       100%        7
 Dragon's Call            Summ           10%        N/A       100%        9


Dungeon Overview and Level Annotations

Branches:
Dungeon (4/15)
 Temple: D:4-7

Altars:
Hepliaklqana
Wu Jian
Xom


Innate Abilities, Weirdness & Mutations

Your life essence is reduced to manifest your ancestor. (-10% HP)
((You are quick and stealthy near water. (Stealth+, EV+, Speed+++)))
Your lower body shifts to a powerful aquatic tail in water.


Message History

r - Retreat! s - Stop attacking. g - Guard the area. f - Follow me.
Anything else - Cancel.
Gang up on whom?
Press: ? - help, Dir - move target
Okay, then.
Unknown command.
Casting: Summon Small Mammal (safe; 1% risk of failure)
Confirm with . or Enter, or press ? or * to list all spells.
You don't have enough magic to cast this spell.
Casting: Summon Small Mammal (safe; 1% risk of failure)
Confirm with . or Enter, or press ? or * to list all spells.
A beastly little devil appears in a puff of flame.
Your bat hits the orc priest but does no damage.
The orc priest closely misses your bat. What are your orders? t - Shout!
Orders for allies: a - Attack new target. r - Retreat! s - Stop attacking. g - Guard the area. f - Follow me.
Anything else - Cancel.
Gang up on whom?
Press: ? - help, Dir - move target, f - orc priest
Aim: an orc priest, wielding a +0 dagger and wearing a +0 scale mail (moderately wounded, ally target) Attack!
Your crimson imp completely misses the orc priest.
The orc priest hits you with a +0 dagger.
* * * LOW HITPOINT WARNING * * *
You hit the orc priest. You drain the orc priest.
The orc priest is severely wounded.
Your crimson imp hits the orc priest but does no damage.
The orc priest begins to cast a cantrip, but forgets the words!
You catch the helpless orc priest completely off-guard!
You hit the orc priest but do no damage.
You drain the orc priest.
The orc priest is almost dead.
Your crimson imp hits the orc priest but does no damage.
The orc priest mumbles some strange prayers to Beogh against you.
Pain shoots through your body!
You die...

.. .#... #. .o.
#)#.#.## #.# #5<.o..#
#.# #.#.##.# #.#
#.#.## #.# #. ....
###.#########
#.#.#..##5...........
#.#.....#@#.#!.......
#.......o55.(.(((..$.
#####...#####.#!##(##
#... #.# # #... #<#
#... #.# #... (.#
#... .#.. #.#. (###.


You could see an orc priest (drained, ally target), 2 friendly crimson imps and
a friendly shadow imp (summoned).

Vanquished Creatures
  Terence (D:2)
  A worm (D:3)
  A dart slug (D:2)
  3 orcs
  3 bats
  2 endoplasms
  4 giant cockroaches
  5 hobgoblins
  A quokka (D:1)
  3 ball pythons
  2 frilled lizards
  A goblin (D:3)
  3 kobolds
  A rat (D:3)
31 creatures vanquished.

Vanquished Creatures (collateral kills)
  A necrophage (D:4)
  4 gnolls (D:3)
  An ufetubus (D:4)
  A worm (D:3)
  3 dart slugs
  3 orcs
  2 ball pythons
  2 endoplasms (D:1)
  2 giant cockroaches
  4 goblins
  3 quokkas (D:1)
  A frilled lizard (D:3)
  3 kobolds
  3 rats
33 creatures vanquished.

Vanquished Creatures (others)
  4 hexers
  5 ancestors
9 creatures vanquished.

Grand Total: 73 creatures vanquished

Notes
Turn   | Place    | Note
-------+----------+-------------------------------------------
     0 | D:1      | mainiacjoe the Merfolk Summoner began the quest for the
                  | Orb.
     0 | D:1      | Reached XP level 1. HP: 13/13 MP: 3/3
   346 | D:1      | Reached XP level 2. HP: 19/19 MP: 1/5
   349 | D:1      | Learned a level 2 spell: Call Imp
  1417 | D:1      | Found a faded altar of an unknown god.
  1424 | D:1      | Became a worshipper of Hepliaklqana the Forgotten
  1424 | D:1      | Reached * piety under Hepliaklqana
  1610 | D:2      | Reached XP level 3. HP: 17/21 MP: 1/6
  1758 | D:2      | Found a shimmering altar of Xom.
  1773 | D:2      | Noticed Terence
  1808 | D:2      | Killed Terence
  2434 | D:3      | Learned a level 3 spell: Call Canine Familiar
  2593 | D:3      | Reached XP level 4. HP: 27/27 MP: 7/7
  2691 | D:3      | Found an ornate altar of the Wu Jian Council.
  2982 | D:3      | Reached skill level 5 in Summonings
  3422 | D:3      | Reached ** piety under Hepliaklqana
  3423 | D:3      | Remembered your ancestor Tobbin as a hexer
  4100 | D:4      | Noticed an orc warrior
  4992 | D:4      | Noticed a necrophage
  5018 | D:4      | Killed a necrophage
  5019 | D:4      | Reached XP level 5. HP: 7/31 MP: 2/9
  5023 | D:4      | Killed from afar by an orc priest

Illustrated notes

Levels and vault maps discovered:
D:1:      dpeg_arrival_central, layout_basic, dilly_ecumenical_altar_fadedgnrine
D:2:      layout_loops_ring, basic_altar, uniq_terence
D:3:      layout_basic, nicolae_wu_jian_immortal_techniques
D:4:      layout_loops_ring, mainiacjoe_overflow_paths

Skill      XL: |  1  2  3  4 |
---------------+-------------+-----
Dodging        | 3 |  3.0
Summonings     | 5 |  5.8
Spellcasting   | 3 |  3.0
Stealth        | |  2.4

Action                   |  1- 3 |  4- 6 || total
-------------------------+-------+-------++-------
Melee: Short sword       |    47 |    24 ||    71
       Unarmed           |     2 |       ||     2
 Fire: Hunting sling     |    30 |    23 ||    53
Throw: Stone             |    22 |    26 ||    48
 Cast: Summon Small Mamm |    22 |     4 ||    26
       Call Imp          |    20 |    23 ||    43
       Call Canine Famil |       |     4 ||     4
Invok: Ancestor Identity |     2 |       ||     2
       Recall Ancestor   |     1 |       ||     1
       Ancestor Life: He |       |     1 ||     1
  Use: Scroll            |     1 |       ||     1
 Stab: Sleeping          |       |     1 ||     1
       Distracted        |       |     1 ||     1
Armor: Robe              |     8 |     5 ||    13
Dodge: Dodged            |    48 |    33 ||    81
